 Dungeon Crawl Stone Soup version 0.21.1-1-g345015f (webtiles) character file.

11571 Monsterracer the Martial Artist (level 11, -2/86 HPs)
             Began as an Octopode Transmuter on Feb 6, 2018.
             Was an Initiate of Gozag.
             Slain by a blink frog (12 damage)
             ... on level 3 of the Lair of Beasts.
             The game lasted 00:34:42 (18063 turns).

Monsterracer the Martial Artist (OpTm)             Turns: 18063, Time: 00:34:43

Health: -2/86      AC: 10    Str: 14    XL:     11   Next: 79%
Magic:  18/22      EV: 19    Int: 24    God:    Gozag
Gold:   1386       SH:  0    Dex: 18    Spells: 3/25 levels left

rFire    x . .     SeeInvis .     - Unarmed
rCold    + + +     Gourm    .   (shield currently unavailable)
rNeg     . . .     Faith    .   (helmet currently unavailable)
rPois    +         Spirit   .   q - amulet of rage
rElec    .         Reflect  .   r - +2 ring of protection
rCorr    .         Harm     .   (no ring)
MR       .....                  (no ring)
Stlth    +++++.....             (no ring)
HPRegen  0.24/turn              (no ring)
MPRegen  0.18/turn              (no ring)
                                (no ring)
                                (no ring)

@: mighty, brilliant, agile, ice-form, berserk cooldown, very slightly
contaminated, invisible
A: large, almost no armour, stealthy swim, amphibious, 8 rings, (constrict 8)
a: End Transformation, Potion Petition, Call Merchant, Bribe Branch, Renounce
Religion, Evoke Berserk Rage


You were on level 3 of the Lair of Beasts.
You worshipped Gozag.
Gozag was most pleased with you.
You were full.
You were a creature of crystalline ice.
You visited 3 branches of the dungeon, and saw 13 of its levels.
You also visited: Sewer and Ossuary.

You collected 1908 gold pieces.
You paid 522 gold pieces to Gozag.

Inventory:

Missiles
 a - 175 arrows
Armour
 b - a +1 buckler
Jewellery
 e - an uncursed ring of fire
 q - an amulet of rage (around neck)
 r - a +2 ring of protection (left front paw)
Wands
 j - a wand of acid (23)
 m - a wand of polymorph (50)
 A - a wand of flame (32)
Scrolls
 d - 7 scrolls of teleportation
 k - 3 scrolls of amnesia
 p - a scroll of fear {!r}
 s - a scroll of magic mapping {!r}
 u - 3 scrolls of fog
 v - 3 scrolls of remove curse
 y - 2 scrolls of blinking
 B - a scroll of enchant armour
Potions
 f - 2 potions of invisibility
 g - 4 potions of curing
 h - 3 potions of flight
 i - a potion of ambrosia {!q}
 l - 5 potions of mutation {!q}
 n - 2 potions of magic
 o - a potion of haste
 t - a potion of berserk rage {!q}
 w - 2 potions of heal wounds
 x - a potion of brilliance
 z - a potion of cancellation
Comestibles
 c - 19 rations


   Skills:
 + Level 5.6 Fighting
 + Level 6.0 Dodging
 + Level 7.6 Stealth
 * Level 10.2 Unarmed Combat
 * Level 7.6 Spellcasting
 + Level 8.8 Transmutations
 - Level 3.0 Ice Magic
 + Level 2.2 Evocations


You had 3 spell levels left.
You knew the following spells:

 Your Spells              Type           Power        Failure   Level  Hunger
a - Ice Form              Ice/Tmut       ######..     1%          4    ###....
b - Sticks to Snakes      Tmut           ######..     1%          2    None
c - Spider Form           Tmut/Pois      #####.....   1%          3    None
d - Borgnjor's Vile Clut  Necr/Erth      ###.......   19%         5    #####..
e - Summon Lightning Spi  Summ/Air       ###.....     8%          4    ###....
j - Regeneration          Chrm/Necr      ###.......   2%          3    None
z - Apportation           Tloc           ###...       1%          1    None


Dungeon Overview and Level Annotations

Branches:
Dungeon (9/15)             Temple (1/1) D:6            Lair (3/6) D:8
  Swamp: Lair:2-4    Shoals: Lair:2-4     Snake: Lair:2-4    Spider: Lair:2-4
    Orc: D:9-12

Altars:
Ashenzari
Cheibriados
Dithmenos
Elyvilon
Fedhas
Gozag
Hepliaklqana
Kikubaaqudgha
Makhleb
Nemelex Xobeh
Okawaru
Qazlal
Ru
Sif Muna
Trog
Uskayaw
Vehumet
Wu Jian
Xom
Yredelemnul
Zin
The Shining One


Innate Abilities, Weirdness & Mutations

You cannot wear most types of armour.
You are very stealthy in the water. (Stealth+)
You are amphibious.
You can wear up to eight rings at the same time.
((You can use your tentacles to constrict eight enemies at once.))
((Your skin changes colour to match your surroundings (Stealth+).))
((Your rubbery body absorbs attacks. (AC +1, EV +1)))


Message History

You slide downwards.
The hatch slams shut behind you.
A water moccasin comes into view.
You feel sick.
Found a potion of curing.
Unknown command.
Unknown command.
You take 18 damage, and have 27/86 hp.
MASSIVE DAMAGE!!
Unknown command.
A red film seems to cover your vision as you go berserk!
You feel yourself moving faster!
You feel mighty!
You are feeling very hungry.
You feel sick.
The water moccasin hisses angrily.
The killer bee is no longer berserk.
The killer bee stings you.
* * * LOW HITPOINT WARNING * * *
The killer bee stings you!
* * * LOW HITPOINT WARNING * * *
You are more poisoned.
The killer bee poisons you! The killer bee barely misses you.
The killer bee completely misses you. The killer bee barely misses you.
The killer bee stings you but does no damage.
You now have 31/129 hp.
You pummel the killer bee!! You freeze the killer bee.
You kill the killer bee!
You feel sick. The killer bee closely misses you.
You take 1 damage, and have 30/129 hp.
You pummel the killer bee!! You freeze the killer bee.
You kill the killer bee!
You feel sick.
You take 1 damage, and have 30/129 hp.
You punch the water moccasin!
The water moccasin seems to slow down.
You freeze the water moccasin.
The water moccasin is heavily wounded.
You feel sick.
The water moccasin bites you but does no damage.
You take 1 damage, and have 29/129 hp.
You closely miss the water moccasin.
The water moccasin is heavily wounded.
You feel sick.
You take 1 damage, and have 28/129 hp.
You pummel the water moccasin!!
The water moccasin seems to slow down.
You freeze the water moccasin.
You kill the water moccasin!
Your Dodging skill increases to level 6!
You feel sick.
You take 1 damage, and have 27/129 hp.
You feel a strong urge to attack something.
You feel sick.
You now have 1806 gold pieces (gained 4).
You are no longer berserk.
You pass out from exhaustion.
You feel yourself slow down.
You feel sick. x3
Your transformation is almost over.
You feel sick.
You feel sick.
You can move again.
You now have 14/86 hp.
There are no items here.
You eat one of the 21 rations.
That ration really hit the spot!
You feel sick.
You take 1 damage, and have 13/86 hp.
You start resting.
You feel sick. x3
You warm up again.
You now have 10/72 hp.
You eat one of the 20 rations.
That ration really hit the spot!
You feel sick.
You take 1 damage, and have 9/72 hp.
You start resting.
You feel sick. x3 2 blink frogs come into view.
You take 2 damage, and have 7/72 hp.
There are monsters nearby!
Unknown command.
The blink frog moves out of view.
You feel sick.
You take 1 damage, and have 7/72 hp.
You start resting.
You feel sick.
Something hits the fungus!
You take 1 damage, and have 7/72 hp.
You start resting.
A blink frog appears from thin air!
You feel sick.
You are no longer poisoned.
You take 1 damage, and have 7/72 hp.
A blink frog comes into view.
The blink frog blinks! [a] - 375 gold - flight, agility and invisibility [b] - 420 gold - invisibility, agility, might and brilliance [c] - 330 gold - haste and heal wounds Purchase which effect?
You fade into invisibility!
You feel agile all of a sudden.
You feel very mighty all of a sudden.
You feel clever all of a sudden.
You are very lightly contaminated with residual magic.
Casting: Ice Form
Confirm with . or Enter, or press ? or * to list all spells.
You turn into a creature of crystalline ice.
The blink frog croaks.
You feel yourself speed up.
You hear a loud, deep croak!
The blink frog barely misses you. The blink frog hits you!
You die...
Your body crumbles into a pile of gold.

.. ... ... ###..
##.#.# ###....#
#Y.F..#..##
##FF$......
......P$..#F.PPP
................
...##...###.#...
!. #...# ##
#.##. $ ## #


You could see 4 blink frogs.

Vanquished Creatures
  A hydra (Lair:1)
  2 black mambas (Lair:1)
  2 spiny frogs
  A rime drake (Lair:1)
  A komodo dragon (Lair:1)
  A hippogriff (Lair:1)
  4 blink frogs (Lair:2)
  11 yaks
  A wyvern (D:9)
  2 wraiths (Ossuary)
  4 hogs (D:8)
  A human (D:8)
  A steam dragon (D:7)
  5 water moccasins
  4 porcupines
  Purgy (Sewer)
  Duvessa (D:4)
  2 ice beasts
  2 sky beasts
  2 black bears
  2 orc warriors
  3 phantoms
  An ogre (D:4)
  A centaur (D:8)
  9 bullfrogs
  Blork the orc (D:4)
  2 gnoll sergeants (D:5)
  Dowan (D:4)
  2 elf zombies (D:7)
  3 scorpions
  8 killer bees
  7 wights
  2 crimson imps
  A howler monkey (D:6)
  An orc priest (D:9)
  6 hounds
  5 orc wizards
  6 bullfrog skeletons
  A centaur skeleton (D:4)
  Natasha (thrice) (D:2)
  2 human skeletons (D:7)
  2 iguanas
  9 worker ants
  A hound zombie (D:6)
  2 hound skeletons
  A worker ant zombie (D:9)
  Robin (D:2)
  9 gnolls (D:5)
  6 adders
  2 shadow imps
  2 adder zombies (Ossuary)
  2 adder skeletons (D:5)
  A dart slug (D:3)
  6 worms
  12 leopard geckos
  32 orcs
  6 bats
  10 giant cockroaches
  23 goblins
  6 hobgoblins
  15 jackals
  10 kobolds
  5 quokkas
  2 ball python skeletons (Ossuary)
  5 frilled lizards
  3 hobgoblin skeletons (Ossuary)
  A hobgoblin zombie (Ossuary)
  A leopard gecko skeleton (D:4)
  2 leopard gecko zombies
  2 orc skeletons (D:7)
  An orc zombie (Ossuary)
  12 rats
  A fungus (D:8)
309 creatures vanquished.

Vanquished Creatures (others)
  5 fungi
  2 plants
7 creatures vanquished.

Grand Total: 316 creatures vanquished

Notes
Turn   | Place    | Note
-------+----------+-------------------------------------------
     0 | D:1      | Monsterracer the Octopode Transmuter began the quest for the Orb.
     0 | D:1      | Reached XP level 1. HP: 13/13 MP: 3/3
    52 | D:1      | HP: 3/13 [leopard gecko (4)]
   303 | D:1      | Reached XP level 2. HP: 18/18 MP: 3/5
   311 | D:1      | Learned a level 2 spell: Sticks to Snakes
   317 | D:1      | Reached skill level 1 in Stealth
   940 | D:1      | Reached XP level 3. HP: 19/23 MP: 4/6
   945 | D:1      | Learned a level 3 spell: Spider Form
  1625 | D:2      | HP: 11/23 [poisoned by an adder]
  1630 | D:2      | HP: 8/23 [poisoned by an adder]
  1635 | D:2      | HP: 5/23 [poisoned by an adder]
  1641 | D:2      | HP: 4/23 [poisoned by an adder]
  1649 | D:2      | HP: 2/23 [poisoned by an adder]
  2146 | D:2      | Noticed Robin
  2166 | D:2      | HP: 10/23 [goblin[Robin] (3)]
  2173 | D:2      | HP: 9/23 [goblin[Robin] (1)]
  2174 | D:2      | Reached skill level 4 in Unarmed Combat
  2174 | D:2      | Reached XP level 4. HP: 11/28 MP: 5/7
  2425 | D:2      | Killed Robin
  2528 | D:2      | Noticed Natasha
  2542 | D:2      | Killed Natasha
  2655 | D:2      | Noticed Natasha
  2663 | D:2      | HP: 12/28 [crimson imp[Natasha] (4)]
  2665 | D:2      | Killed Natasha
  2665 | D:2      | Reached XP level 5. HP: 15/33 MP: 4/8
  3344 | D:2      | Noticed Natasha
  3354 | D:2      | Killed Natasha
  4030 | D:3      | Reached skill level 5 in Unarmed Combat
  4213 | D:3      | Reached XP level 6. HP: 20/38 MP: 0/9
  4219 | D:3      | Learned a level 4 spell: Ice Form
  4410 | D:3      | Found a glowing drain.
  4487 | Sewer    | Entered a sewer
  4557 | Sewer    | Noticed Purgy
  4564 | Sewer    | HP: 19/38 [Purgy (6)]
  4570 | Sewer    | Killed Purgy
  4570 | Sewer    | Reached skill level 1 in Ice Magic
  4817 | D:3      | You fall through a shaft for 3 floors!
  4859 | D:6      | Reached XP level 7. HP: 25/43 MP: 7/10
  5026 | D:6      | Found a staircase to the Ecumenical Temple.
  5035 | Temple   | Entered the Ecumenical Temple
  5142 | D:6      | Found a shattered altar of Ashenzari.
  5292 | D:6      | Found a hide-covered altar of Uskayaw.
  5333 | D:6      | Found a snail-covered altar of Cheibriados.
  5375 | D:6      | Reached skill level 5 in Transmutations
  5554 | D:5      | Entered Level 5 of the Dungeon
  5652 | D:4      | Noticed Duvessa
  5658 | D:4      | Noticed Dowan
  5668 | D:4      | HP: 14/43 [Duvessa/short sword (8)]
  5669 | D:4      | Killed Duvessa
  5673 | D:4      | HP: 15/51 [Dowan/dagger of speed (3)]
  5684 | D:4      | HP: 3/51 [Dowan/stone arrow (13)]
  5685 | D:4      | Killed Dowan
  5685 | D:4      | Reached skill level 6 in Unarmed Combat
  5685 | D:4      | Reached XP level 8. HP: 3/48 MP: 7/11
  6192 | D:4      | Noticed Blork the orc
  6199 | D:4      | Killed Blork the orc
  6881 | D:3      | Found a glowing silver altar of Zin.
  7455 | D:5      | Found an opulent altar of Gozag.
  7460 | D:5      | Became a worshipper of Gozag Ym Sagoz the Greedy
  7531 | D:5      | HP: 24/49 [worker ant (3)]
  7536 | D:5      | HP: 17/49 [poisoned by a worker ant]
  7541 | D:5      | HP: 13/49 [poisoned by a worker ant]
  7546 | D:5      | HP: 10/49 [poisoned by a worker ant]
  7552 | D:5      | HP: 8/49 [poisoned by a worker ant]
  7558 | D:5      | HP: 7/49 [poisoned by a worker ant]
  7566 | D:5      | HP: 6/49 [poisoned by a worker ant]
  7940 | D:5      | Found a sparkling altar of Nemelex Xobeh.
  7943 | D:5      | HP: 29/58 [orc/mace (4)]
  7953 | D:5      | HP: 25/58 [phantom (6)]
  7962 | D:5      | HP: 15/58 [phantom (5)]
  7967 | D:5      | HP: 3/58 [phantom (10)]
  7974 | D:5      | HP: 2/58 [phantom (3)]
  8789 | D:5      | Found a hazy altar of Hepliaklqana.
  8790 | D:5      | Found a shimmering altar of Xom.
  8790 | D:5      | Noticed a tentacled monstrosity
  8791 | D:5      | Noticed a spectral ugly thing
  8791 | D:5      | Noticed a tentacled monstrosity
  8840 | D:5      | Reached skill level 7 in Unarmed Combat
  8845 | D:5      | Reached XP level 9. HP: 45/55 MP: 10/13
  9788 | D:6      | Learned a level 3 spell: Regeneration
 10188 | D:7      | HP: 28/56 [phantom (9)]
 10309 | D:7      | Found a shadowy altar of Dithmenos.
 10309 | D:7      | Found a basalt altar of Yredelemnul.
 10405 | D:7      | HP: 34/68 [killer bee (7)]
 10413 | D:7      | Reached skill level 5 in Stealth
 10420 | D:7      | Reached skill level 8 in Unarmed Combat
 10615 | D:7      | Found a sand-covered staircase.
 10642 | Ossuary  | Entered an ossuary
 10902 | Ossuary  | Reached skill level 5 in Spellcasting
 10902 | Ossuary  | Reached XP level 10. HP: 63/63 MP: 13/17
 10965 | Ossuary  | HP: 26/75 [wraith (14)]
 11261 | D:7      | Found a sparkling altar of Nemelex Xobeh.
 11445 | D:7      | Learned a level 5 spell: Borgnjor's Vile Clutch
 12102 | D:8      | HP: 26/63 [hog (8)]
 12109 | D:8      | HP: 25/75 [hog (3)]
 12377 | D:8      | Found a staircase to the Lair.
 13693 | D:9      | Reached skill level 9 in Unarmed Combat
 13710 | D:9      | HP: 31/65 [something (3)]
 13927 | D:9      | Learned a level 1 spell: Apportation
 14577 | Lair:1   | Entered Level 1 of the Lair of Beasts
 14593 | Lair:1   | Reached skill level 5 in Dodging
 14725 | Lair:1   | HP: 39/78 [yak (13)]
 14726 | Lair:1   | Reached XP level 11. HP: 42/70 MP: 13/20
 14730 | Lair:1   | HP: 33/84 [yak (10)]
 15149 | Lair:1   | Reached skill level 5 in Fighting
 15201 | Lair:1   | HP: 31/71 [hippogriff (8)]
 15430 | Lair:1   | Noticed a seven-headed hydra
 15444 | Lair:1   | HP: 36/85 [seven-headed hydra (8)]
 15445 | Lair:1   | HP: 15/85 [seven-headed hydra (3)]
 15458 | Lair:1   | Killed a seven-headed hydra
 15777 | Lair:1   | HP: 30/71 [porcupine's spines (12)]
 15785 | Lair:1   | HP: 25/71 [porcupine (7)]
 16049 | Lair:1   | HP: 37/85 [black mamba (12)]
 16269 | Lair:1   | Reached skill level 1 in Evocations
 16471 | Lair:1   | Found a snail-covered altar of Cheibriados.
 16805 | Lair:2   | Learned a level 4 spell: Summon Lightning Spire
 16833 | Lair:2   | HP: 38/86 [blink frog (8)]
 16835 | Lair:2   | Reached skill level 10 in Unarmed Combat
 16845 | Lair:2   | HP: 28/86 [blink frog (13)]
 18022 | Lair:2   | HP: 41/86 [killer bee (5)]
 18027 | Lair:3   | HP: 30/129 [poisoned by a killer bee]
 18032 | Lair:3   | HP: 27/129 [poisoned by a killer bee]
 18037 | Lair:3   | HP: 14/86 [poisoned by a killer bee]
 18043 | Lair:3   | HP: 9/72 [poisoned by a killer bee]
 18048 | Lair:3   | HP: 7/72 [poisoned by a killer bee]
 18053 | Lair:3   | HP: 7/72 [poisoned by a killer bee]
 18063 | Lair:3   | Slain by a blink frog

Skill      XL: |  1  2  3  4  5  6  7  8  9 10 11 |
---------------+----------------------------------+-----
Stealth        | 1 2 3 4 5 6 7 |  7.6
Unarmed Combat | 4 5 6 7 8 9 10 | 10.2
Transmutations | 3 4 5 7 8 |  8.8
Ice Magic      | 1 3 |  3.0
Fighting       | 2 3 4 5 |  5.6
Spellcasting   | 3 5 6 7 |  7.6
Dodging        | 3 4 5 6 |  6.0
Evocations     | 2 |  2.2

Action                   |  1- 3 |  4- 6 |  7- 9 | 10-12 || total
-------------------------+-------+-------+-------+-------++-------
Melee: Unarmed           |    87 |   147 |   428 |   360 ||  1022
       Constrict         |    25 |    25 |    40 |    37 ||   127
       Kick              |     6 |       |       |       ||     6
       Tentacles         |     9 |    11 |    36 |    43 ||    99
       Punch             |     1 |     3 |     9 |     9 ||    22
Throw: Throwing net      |       |       |       |     1 ||     1
 Cast: Beastly Appendage |    15 |       |       |       ||    15
       Spider Form       |     1 |    10 |     5 |     2 ||    18
       Ice Form          |       |       |    17 |    16 ||    33
Invok: Potion Petition   |       |       |     1 |     1 ||     2
 Abil: End Transformatio |       |       |       |     1 ||     1
       Evoke Berserk Rag |       |       |       |     1 ||     1
Evoke: Wand              |       |       |       |     3 ||     3
  Use: Scroll            |       |     9 |     9 |     6 ||    24
 Stab: Sleeping          |     4 |    18 |    23 |    16 ||    61
       Distracted        |     1 |       |     1 |     5 ||     7
       Held in net/web   |       |       |       |     2 ||     2
  Eat: Chunk             |     2 |     9 |    12 |       ||    23
       Ration            |     1 |       |     5 |     8 ||    14
Armor: Skin              |     4 |    15 |    59 |    44 ||   122
Dodge: Dodged            |    59 |    87 |   210 |   203 ||   559

Vault maps used:
D:1:      minmay_arrival_four_houses, hangedman_decor_peaks_small, minivault_19,
          st_stairs_4
D:2:      first_ration, minivault_5, hangedman_abyss_or_decor_lesser_grid,
          uniq_robin, uniq_natasha
D:3:      lemuel_coloured_pillars_altar, gup_sewer_entry_pipe
D:4:      uniq_blork_the_orc, uniq_duvessa
D:5:      regret_index_temple_of_mockery, kennysheep_mini_moat, basic_altar,
          hangedman_minor_gate_pass
D:6:      kennysheep_mini, nicolae_ashenzari_panopticon,
          eat_drink_and_be_merry_uskayaw, minmay_temple_entry_grid
D:7:      gammafunk_temple_overflow_forgotten, nicolae_ossuary_entry_catacombs
D:8:      dpeg_oklobed_lair, grunt_livestock, nrook_mini_vaults
D:9:      st_stairs_11
Temple:   nicolae_temple_x_marks_the_god
Lair:1:   basic_altar, minmay_holes
Lair:2:   special_room, serial_bayou_shore_b, lemuel_fruit_tree
Lair:3:   elwin_shoals_entry_rooms, serial_bayou_shore_a
Sewer:    kennysheep_door_sewer
Ossuary:  ossuary_due_cavern
